AoeStats
← 小白

Black Forest

506326507Analyzed
4v4 RM · 20d ago on Sep 13, 2026· 66m 53s· 8 players
Game mode
Random Map
Map size
Large (8 player)
Population
200
Speed
Normal
Resources
Standard
Victory
Conquest
Starting age
Dark Age
Ending age
Imperial Age
RankedLock teamsTeams togetherTeam positionsShared explorationLock speedFull tech treeHidden civsTurbo modeCheats
Victory
Defeat
🇨🇦 Dravidians · Canada
1757
+19
🇬🇹 Mongols · Guatemala
1733
+20
🇨🇳 Berbers · China
1729
+20
🇻🇳 Vietnamese · Vietnam
1712
+21
🇹🇼 Britons · Taiwan
1975
-26
🇹🇼 Georgians · Taiwan
1906
-24
🇹🇼 Spanish · Taiwan
1770
-18
🇹🇼 Persians · Taiwan
1614
-12
AnTeK
11:44 Feudal Age
15:36 Castle Age
13:51 Fishing Lines
16:14 Double-Bit Axe
17:15 Gillnets
17:56 Bow Saw
20:51 Horse Collar
23:55 Wheelbarrow
23:51 Gold Mining
28:10 Imperial Age
25:30 Loom
26:10 Hand Cart
26:48 Town Watch
28:13 Fletching
30:01 Two-Man Saw
29:02 Heavy Plow
29:06 Bodkin Arrow
29:12 Padded Archer Armor
30:59 Chemistry
30:21 Thumb Ring
31:16 Bracer
31:31 Leather Archer Armor
32:27 Ballistics
32:20 Masonry
33:36 Ring Archer Armor
33:35 Husbandry
33:17 Elite Elephant Archer
36:03 Conscription
36:12 Wootz Steel
37:36 Scale Mail Armor
37:15 Siege Elephant
38:22 Caravan
42:07 Squires
41:53 Gambesons
41:28 Man-at-Arms
43:19 Medical Corps
43:26 Guilds
43:32 Siege Elephant
43:41 Elite Skirmisher
44:42 Chain Mail Armor
44:37 Forging
43:50 Long Swordsman
44:15 Arson
46:06 Plate Mail Armor
44:59 Two-Handed Swordsman
46:46 Imperial Skirmisher
48:04 Iron Casting
46:51 Champion
49:23 Coinage
59:13 Hoardings
58:25 Pikeman
61:42 Halberdier
YYQ
11:59 Feudal Age
15:55 Castle Age
13:56 Double-Bit Axe
15:49 Fishing Lines
17:49 Gillnets
18:48 Bow Saw
19:15 Stone Mining
19:43 Horse Collar
22:52 Wheelbarrow
27:27 Imperial Age
24:45 Loom
24:46 Town Watch
24:53 Gold Mining
25:11 Scale Barding Armor
25:29 Heavy Plow
25:41 Forging
26:08 Hand Cart
26:33 Chain Barding Armor
27:16 Gold Shaft Mining
27:08 Bloodlines
27:54 Iron Casting
27:22 Husbandry
27:50 Caravan
27:57 Kasbah
27:36 Heavy Camel Rider
28:48 Conscription
29:07 Crop Rotation
29:52 Plate Barding Armor
30:08 Ballistics
32:33 Blast Furnace
33:06 Chemistry
32:57 Coinage
34:17 Banking
33:54 Cavalier
34:17 Treadmill Crane
34:29 Fletching
34:39 Padded Archer Armor
35:39 Clinker Construction
38:19 Clinker Construction
38:36 Capped Ram
44:17 Clinker Construction
44:57 Siege Engineers
47:17 Light Cavalry
47:17 Light Cavalry
48:51 Hussar
Ngoam_____
1:34 Loom
14:33 Feudal Age
14:44 Feudal Age
16:52 Wheelbarrow
19:51 Castle Age
17:37 Double-Bit Axe
19:27 Horse Collar
26:31 Bow Saw
26:02 Horse Collar
30:10 Town Watch
33:33 Coinage
38:40 Imperial Age
36:32 Fletching
36:47 Heavy Plow
40:24 Chemistry
39:30 Siege Engineers
39:22 Bodkin Arrow
38:49 Pikeman
39:29 Squires
39:15 Arson
40:02 Crop Rotation
40:33 Two-Man Saw
40:02 Scale Mail Armor
40:12 Forging
40:24 Ballistics
40:06 Halberdier
42:14 Chain Mail Armor
42:27 Elite Skirmisher
43:12 Thumb Ring
43:09 Bracer
43:07 Imperial Skirmisher
45:17 Imperial Skirmisher
48:45 Bracer
48:46 Padded Archer Armor
50:31 Leather Archer Armor
51:17 Hand Cart
58:44 Hoardings
61:37 Ring Archer Armor
61:44 Capped Ram
63:57 Paper Money
Sarin
0:26 Loom
8:48 Feudal Age
14:43 Fletching
22:22 Castle Age
21:49 Double-Bit Axe
21:44 Horse Collar
23:34 Bodkin Arrow
29:36 Imperial Age
27:55 Bow Saw
29:18 Padded Archer Armor
29:20 Heavy Plow
29:13 Gold Mining
30:59 Bracer
32:55 Ballistics
34:30 Wheelbarrow
35:21 Heavy Plow
38:58 Chemistry
40:31 Elite Mangudai
42:26 Caravan
43:01 Leather Archer Armor
43:12 Parthian Tactics
43:21 Capped Ram
44:48 Gold Shaft Mining
44:05 Stone Mining
45:53 Thumb Ring
45:45 Siege Ram
47:53 Town Watch
48:23 Hand Cart
48:50 Drill
48:50 Conscription
49:25 Masonry
54:45 Bloodlines
54:36 Husbandry
56:14 Onager
散步小鵝
12:09 Feudal Age
13:01 Loom
16:09 Castle Age
14:54 Double-Bit Axe
15:34 Horse Collar
17:05 Bow Saw
23:19 Wheelbarrow
23:22 Heavy Plow
30:42 Imperial Age
29:13 Hand Cart
29:35 Scale Barding Armor
29:24 Fletching
29:55 Scale Barding Armor
30:01 Forging
29:55 Pikeman
30:35 Squires
31:25 Chain Barding Armor
32:03 Iron Casting
31:36 Husbandry
32:00 Bloodlines
31:30 Cavalier
33:14 Gold Mining
33:14 Stone Mining
34:27 Plate Barding Armor
33:55 Savar
41:35 Blast Furnace
41:57 Fletching
43:32 Bodkin Arrow
47:35 Caravan
50:13 Two-Man Saw
49:28 Masonry
56:02 Caravan
62:26 Light Cavalry
小蜜蜂
10:47 Feudal Age
10:41 Loom
16:25 Castle Age
19:34 Double-Bit Axe
24:56 Bow Saw
25:23 Gold Mining
25:15 Horse Collar
31:24 Wheelbarrow
34:11 Fortified Wall
34:33 Masonry
45:44 Imperial Age
43:24 Scale Mail Armor
43:34 Forging
43:23 Fletching
43:59 Hand Cart
43:47 Heavy Plow
43:39 Stone Mining
45:27 Fletching
45:59 Ballistics
46:06 Thumb Ring
46:22 Bloodlines
46:13 Husbandry
46:18 Bodkin Arrow
47:28 Chemistry
46:44 Caravan
46:20 Heavy Cavalry Archer
47:04 Padded Archer Armor
47:06 Bracer
47:16 Bracer
47:17 Padded Archer Armor
47:53 Elite Skirmisher
49:19 Leather Archer Armor
49:47 Town Watch
50:39 Ring Archer Armor
50:47 Guard Tower
53:18 Keep
57:19 Chain Mail Armor
59:12 Squires
59:37 Pikeman
60:33 Halberdier
62:36 Chain Mail Armor
62:32 Forging
小白
11:56 Feudal Age
12:28 Double-Bit Axe
15:25 Castle Age
13:29 Fishing Lines
16:31 Bow Saw
16:24 Gillnets
18:23 Wheelbarrow
19:55 Loom
23:26 Stone Mining
24:33 Gold Mining
26:48 Hand Cart
30:16 Imperial Age
28:19 Scale Mail Armor
28:38 Forging
29:12 Stone Shaft Mining
28:42 Pikeman
29:04 Treadmill Crane
29:52 Squires
30:08 Chain Mail Armor
30:25 Svan Towers
30:57 Iron Casting
30:19 Onager
31:38 Plate Mail Armor
30:47 Halberdier
32:23 Conscription
33:28 Chemistry
32:36 Siege Engineers
33:01 Fletching
33:35 Ballistics
33:05 Guard Tower
34:16 Chemistry
33:36 Siege Onager
34:52 Bodkin Arrow
35:07 Arrowslits
35:59 Keep
35:10 Arrowslits
36:03 Bracer
38:12 Blast Furnace
37:23 Caravan
37:33 Guilds
37:54 Coinage
40:36 Banking
44:24 Capped Ram
47:15 Siege Ram
53:59 Masonry
62:17 Architecture
66:28 Man-at-Arms
66:53 Gambesons
老天鵝
1:03 Loom
1:28 Loom
12:06 Feudal Age
12:42 Double-Bit Axe
18:14 Fletching
20:42 Castle Age
18:51 Fletching
23:36 Fishing Lines
27:11 Horse Collar
28:34 Bow Saw
33:49 Imperial Age
31:56 Gillnets
32:20 Bodkin Arrow
32:59 Stone Mining
32:59 Gold Mining
33:45 Wheelbarrow
34:59 Gold Shaft Mining
34:27 Heavy Plow
34:32 Bracer
35:01 Ballistics
35:48 Conscription
36:36 Chemistry
35:37 Padded Archer Armor
35:30 Elite Longbowman
37:11 Yeomen
37:05 Treadmill Crane
38:35 Capped Ram
40:55 Forging
41:14 Siege Engineers
42:21 Masonry
42:29 Leather Archer Armor
44:28 Ring Archer Armor
48:00 Warwolf
48:15 Caravan
50:04 Architecture
49:30 Murder Holes
59:19 Fortified Wall
60:27 Two-Man Saw
60:53 Hoardings
60:56 Hoardings
63:16 Elite Skirmisher
Connection lost

Rejoining the realm…

Still unreachable

The connection could not be restored.

Session expired

The server has moved on; the page needs a fresh start.